AoeStats
← Thewanderero

Black Forest

503200342Analyzed
4v4 RM · 1mo ago on Aug 30, 2026· 90m 11s· 8 players
Game mode
Random Map
Map size
Large (8 player)
Population
200
Speed
Normal
Resources
Standard
Victory
Conquest
Starting age
Dark Age
Ending age
Imperial Age
RankedLock teamsTeams togetherTeam positionsShared explorationLock speedFull tech treeHidden civsTurbo modeCheats
Victory
Defeat
🇭🇰 Tatars · Hong Kong SAR China
1128
+13
🇦🇷 Khmer · Argentina
1085
+15
🇻🇳 Ethiopians · Vietnam
1048
+17
🇬🇹 Burgundians · Guatemala
1000
+58
🇧🇾 Goths · Belarus
1117
-18
🇷🇺 Goths · Russia
1058
-16
🇨🇴 Khmer · Colombia
1053
-15
🇷🇺 Byzantines · Russia
1027
-14
VenenoMcc
2:30 Loom
12:14 Feudal Age
17:24 Castle Age
17:24 Double-Bit Axe
17:23 Horse Collar
23:08 Wheelbarrow
26:35 Town Watch
27:06 Hand Cart
27:25 Bow Saw
32:49 Imperial Age
31:06 Padded Archer Armor
31:12 Scale Barding Armor
31:47 Fletching
32:07 Forging
32:28 Bloodlines
33:42 Chain Barding Armor
33:38 Leather Archer Armor
33:28 Caravan
33:43 Husbandry
33:45 Gold Mining
33:50 Stone Mining
35:15 Chemistry
35:00 Conscription
34:48 Tusk Swords
35:51 Light Cavalry
39:48 Plate Barding Armor
39:52 Double Crossbow
40:04 Elite Ballista Elephant
42:19 Ring Archer Armor
42:47 Elite Battle Elephant
45:02 Iron Casting
44:23 Bodkin Arrow
45:11 Hussar
48:00 Scale Mail Armor
48:13 Arson
48:06 Pikeman
49:37 Chain Mail Armor
49:03 Halberdier
54:00 Bracer
62:15 Capped Ram
BDSM|POLSKA
0:33 Loom
11:26 Feudal Age
12:05 Double-Bit Axe
12:03 Horse Collar
16:33 Castle Age
15:54 Gold Mining
15:55 Stone Mining
17:28 Bow Saw
17:22 Heavy Plow
20:01 Wheelbarrow
20:52 Stone Shaft Mining
21:11 Hand Cart
23:39 Fervor
batya007
12:27 Feudal Age
16:12 Wheelbarrow
17:59 Castle Age
15:47 Double-Bit Axe
16:33 Horse Collar
19:33 Wheelbarrow
21:28 Bow Saw
21:35 Heavy Plow
25:45 Hand Cart
25:19 Loom
26:40 Gold Mining
26:50 Stone Mining
30:12 Gold Shaft Mining
30:15 Stone Shaft Mining
34:43 Imperial Age
33:21 Scale Barding Armor
33:16 Scale Mail Armor
33:27 Forging
33:07 Fletching
33:18 Padded Archer Armor
33:49 Ballistics
33:40 Fortified Wall
33:26 Murder Holes
34:25 Greek Fire
35:42 Logistica
35:52 Conscription
36:08 Hoardings
36:12 Light Cavalry
36:53 Husbandry
36:29 Heavy Camel Rider
38:40 Chemistry
38:49 Onager
39:46 Pikeman
41:01 Halberdier
46:45 Bodkin Arrow
47:06 Chain Mail Armor
47:12 Chain Barding Armor
47:07 Leather Archer Armor
47:30 Iron Casting
55:37 Hussar
55:39 Cavalier
56:43 Paladin
58:04 Caravan
Thewanderero
9:55 Loom
11:51 Feudal Age
13:19 Double-Bit Axe
13:17 Horse Collar
17:09 Wheelbarrow
19:08 Castle Age
20:45 Hand Cart
20:44 Bow Saw
21:14 Heavy Plow
25:24 Town Watch
28:44 Gold Mining
28:44 Stone Mining
30:13 Scale Mail Armor
30:23 Forging
35:41 Imperial Age
33:35 Chain Mail Armor
33:55 Iron Casting
33:35 Caravan
33:38 Anarchy
33:48 Pikeman
34:28 Squires
35:46 Halberdier
36:30 Perfusion
35:51 Elite Huskarl
36:53 Conscription
37:36 Blast Furnace
37:17 Stone Shaft Mining
38:43 Crop Rotation
39:16 Two-Man Saw
40:35 Chemistry
42:04 Onager
51:38 Masonry
絕地霸神STANLEY
8:29 Loom
10:47 Feudal Age
11:16 Horse Collar
11:24 Double-Bit Axe
19:14 Castle Age
18:47 Scale Barding Armor
18:33 Fletching
19:53 Bloodlines
21:43 Forging
25:30 Wheelbarrow
26:00 Husbandry
29:50 Ballistics
29:17 Treadmill Crane
32:26 Imperial Age
31:37 Iron Casting
31:02 Herbal Medicine
31:45 Gold Mining
33:11 Bow Saw
33:01 Murder Holes
34:03 Conscription
35:19 Chain Barding Armor
35:59 Blast Furnace
35:54 Timurid Siegecraft
36:42 Plate Barding Armor
37:35 Heavy Plow
37:48 Caravan
38:13 Bodkin Arrow
38:19 Padded Archer Armor
39:21 Siege Engineers
41:02 Crop Rotation
41:17 Silk Armor
40:55 Elite Keshik
41:49 Town Watch
42:24 Bracer
42:59 Light Cavalry
45:16 Hand Cart
46:24 Hussar
47:25 Leather Archer Armor
48:21 Chemistry
48:44 Onager
53:26 Bombard Tower
59:26 Guilds
64:58 Masonry
66:17 Guard Tower
69:17 Heavy Cavalry Archer
79:58 Heavy Camel Rider
ILANSSEN
3:25 Loom
12:45 Feudal Age
12:13 Double-Bit Axe
19:07 Castle Age
18:10 Bow Saw
17:55 Horse Collar
19:28 Heavy Plow
20:25 Wheelbarrow
22:54 Two-Man Saw
25:18 Hand Cart
24:52 Town Watch
28:34 Gold Mining
32:27 Imperial Age
30:35 Scale Barding Armor
30:41 Forging
31:06 Cavalier
31:47 Husbandry
32:13 Chain Barding Armor
32:47 Iron Casting
33:06 Gold Shaft Mining
33:06 Stone Mining
33:22 Husbandry
32:49 Paladin
35:02 Conscription
35:38 Plate Barding Armor
37:57 Light Cavalry
40:29 Hussar
44:32 Caravan
47:19 Burgundian Vineyards
49:27 Chemistry
49:39 Masonry
49:52 Ballistics
50:40 Blast Furnace
55:20 Bombard Tower
57:48 Fletching
57:58 Padded Archer Armor
60:02 Murder Holes
64:48 Pikeman
65:31 Scale Mail Armor
65:36 Halberdier
66:16 Squires
66:35 Chain Mail Armor
70:24 Crop Rotation
70:38 Chain Mail Armor
Peaky Blinders
12:41 Feudal Age
12:28 Loom
17:26 Castle Age
15:29 Double-Bit Axe
15:42 Horse Collar
22:03 Wheelbarrow
21:15 Loom
24:20 Bow Saw
25:17 Gold Mining
25:26 Stone Mining
29:45 Imperial Age
28:26 Hand Cart
28:08 Town Watch
28:01 Crossbowman
30:11 Thumb Ring
30:31 Town Patrol
30:24 Fletching
30:35 Padded Archer Armor
31:54 Chemistry
31:14 Ballistics
31:14 Arbalester
33:18 Two-Man Saw
33:39 Leather Archer Armor
33:22 Bodkin Arrow
33:34 Husbandry
32:55 Light Cavalry
34:59 Conscription
35:07 Bracer
35:42 Ring Archer Armor
35:32 Caravan
36:50 Elite Skirmisher
37:22 Hussar
48:04 Forging
47:55 Scale Mail Armor
48:00 Scale Barding Armor
48:36 Squires
48:22 Arson
47:58 Halberdier
54:15 Onager
55:37 Siege Onager
59:02 Torsion Engines
74:29 Capped Ram
hualiya44
0:27 Loom
13:49 Feudal Age
16:35 Castle Age
14:18 Horse Collar
14:44 Double-Bit Axe
25:20 Wheelbarrow
24:31 Town Watch
24:48 Gold Mining
25:10 Bow Saw
25:02 Heavy Plow
24:56 Stone Mining
26:20 Caravan
27:11 Hand Cart
28:13 Gold Shaft Mining
28:14 Stone Shaft Mining
31:09 Imperial Age
29:00 Husbandry
29:11 Bloodlines
29:19 Forging
30:04 Scale Barding Armor
30:35 Iron Casting
30:35 Ballistics
30:25 Town Patrol
29:52 Light Cavalry
31:27 Chain Barding Armor
31:25 Heavy Scorpion
33:09 Blast Furnace
33:13 Chemistry
32:20 Siege Engineers
32:22 Double Crossbow
32:43 Conscription
32:14 Hussar
33:42 Plate Barding Armor
33:52 Crop Rotation
34:31 Fletching
44:42 Onager
47:17 Cavalier
52:52 Elite Ballista Elephant
61:22 Fortified Wall
61:23 Masonry
81:47 Elite Battle Elephant
89:06 Tusk Swords
Connection lost

Rejoining the realm…

Still unreachable

The connection could not be restored.

Session expired

The server has moved on; the page needs a fresh start.